 Dungeon Crawl Stone Soup version 0.17-a0-1949-g1acca9a (webtiles) character file.

95 Ordine the Twirler (level 4, -8/37 HPs)
             Began as a Minotaur Gladiator on Oct 2, 2015.
             Mangled by Crazy Yiuf
             ... wielding a +2 quarterstaff of chaos
              (19 damage)
             ... on level 2 of the Dungeon.
             The game lasted 00:04:09 (1327 turns).

Ordine the Twirler (Minotaur Gladiator)             Turns: 1327, Time: 00:04:09

Health: -8/37      AC: 10    Str: 19    XL:     4   Next: 40%
Magic:  1/3        EV:  8    Int:  5    God:
Gold:   106        SH:  0    Dex: 12    Spells: 0 memorised, 3 levels left

rFire  . . .     SeeInvis .     a - +0 quarterstaff
rCold  . . .     Clarity  .     j - +0 chain mail
rNeg   . . .     SustAt   .     (no shield)
rPois  .         Gourm    .     c - +0 hat
rElec  .         Spirit   .     i - +1 cloak
rCorr  .         Warding  .     (no gloves)
rMut   .         Stasis   .     (no boots)
MR     .....                    (no amulet)
Stlth  ..........               (no ring)
                                (no ring)

@: not resistant to hostile enchantments, extremely unstealthy
A: retaliatory headbutt, horns 2
a: no special abilities


You were on level 2 of the Dungeon.
You were not hungry.

You visited 1 branch of the dungeon, and saw 2 of its levels.

You collected 106 gold pieces.

Inventory:

Hand weapons
 a - a +0 quarterstaff (weapon)
Missiles
 d - 3 throwing nets (quivered)
Armour
 c - a +0 hat (worn)
 i - a +1 cloak (worn)
 j - a +0 chain mail (worn)
Jewellery
 f - an uncursed ring of teleportation
Scrolls
 n - 2 scrolls of remove curse
Potions
 b - a potion of agility {unknown}
 h - a potion of brilliance {unknown}
 k - a potion of heal wounds {unknown}
 l - a potion of curing {unknown}
Comestibles
 e - 3 bread rations
 g - a beef jerky
 m - 2 meat rations
 o - a chunk of flesh


   Skills:
 - Level 2.4 Fighting
 + Level 6.1 Staves
 - Level 2.0 Throwing
 - Level 1.0 Armour
 - Level 3.2 Dodging


You had 3 spell levels left.
You didn't know any spells.

Dungeon Overview and Level Annotations

Branches:
Dungeon (2/15)

Altars:
Ashenzari
Cheibriados
Gozag

Annotations:
D:2 Crazy Yiuf


Innate Abilities, Weirdness & Mutations

You reflexively headbutt those who attack you in melee.
You have a pair of horns on your head.


Message History

You closely miss Crazy Yiuf.
Crazy Yiuf is moderately wounded.
Crazy Yiuf says, "Gum ladder poople!"
Crazy Yiuf completely misses you.
You hit Crazy Yiuf but do no damage.
Crazy Yiuf is moderately wounded.
Crazy Yiuf laughs, "Citrus ladder childish!"
Crazy Yiuf hits you with a quarterstaff of chaos!
* * * LOW HITPOINT WARNING * * *
You are too injured to fight recklessly!
You are too injured to fight recklessly!
You sock Crazy Yiuf!
Crazy Yiuf is severely wounded.
Crazy Yiuf barely misses you.
Your chain mail prevents you from hitting Crazy Yiuf.
Crazy Yiuf is severely wounded.
Crazy Yiuf says, "Fluff sow hog!"
Crazy Yiuf hits you but does no damage.
You are electrocuted!
Ouch! That really hurt!
You die...

#####################....
#...................#.###
#.##############......... ###
#.##.#.#.# #.##.#.#.# ##♣♣♣♣♣
#.##.#.#.# ###.P)♣)♣♣♣**###
#.......÷. ##.....)♣))♣#)))#
#.##.#.#.. #....P.♣♣♣♣@g)).#
#.##.#.#.. ###..#.P♣♣ ♣♣#)))#
#.##.#.#.. #....##♣♣ **###
#....#.#.# #.#### #..###.#..
#.#..# #..# #.#<.
#.##.################..###.###
#.##.#.#.....#>...............
#.##.#.#..............########
#.##.#.####..#.########


You could see Crazy Yiuf.

Vanquished Creatures
  Natasha (twice) (D:2)
  2 adders (D:2)
  An ooze (D:1)
  3 giant geckos
  A giant cockroach (D:2)
  7 goblins
  3 hobgoblins
  7 jackals (D:2)
  3 bats (D:1)
  3 giant newts
  4 kobolds (D:1)
  3 rats
  A fungus (D:2)
40 creatures vanquished.

Vanquished Creatures (others)
  5 toadstools (D:1)
5 creatures vanquished.

Grand Total: 45 creatures vanquished

Notes
Turn   | Place    | Note
--------------------------------------------------------------
     0 | D:1      | Ordine the Minotaur Gladiator began the quest for the Orb.
     0 | D:1      | Reached XP level 1. HP: 18/18 MP: 0/0
    85 | D:1      | Reached skill level 4 in Staves
   193 | D:1      | Reached XP level 2. HP: 18/25 MP: 1/1
   648 | D:2      | Reached skill level 1 in Armour
   657 | D:2      | Reached XP level 3. HP: 24/30 MP: 2/2
   786 | D:2      | Reached skill level 5 in Staves
   849 | D:2      | Found a snail-covered altar of Cheibriados.
  1112 | D:2      | Noticed Natasha
  1120 | D:2      | Killed Natasha
  1120 | D:2      | Reached XP level 4. HP: 37/37 MP: 3/3
  1145 | D:2      | Reached skill level 6 in Staves
  1237 | D:2      | Found a shattered altar of Ashenzari.
  1237 | D:2      | Found an opulent altar of Gozag.
  1252 | D:2      | Noticed Natasha
  1255 | D:2      | Killed Natasha
  1316 | D:2      | Noticed Crazy Yiuf
  1327 | D:2      | Mangled by Crazy Yiuf

Vault maps used:
D:1:      ldierk_walled_garden, kennysheep_crisscross, minmay_misc_feat_pillars
D:2:      lemuel_doored_altar, gammafunk_temple_overflow_wave,
          uniq_crazy_yiuf_cottage, uniq_natasha

Action                   |  1- 3 |  4- 6 || total
-------------------------+-------+-------++-------
Melee: Quarterstaff      |    64 |    23 ||    87
  Use: Scroll            |     7 |     1 ||     8
  Eat: Chunk             |       |     1 ||     1
